 Dungeon Crawl Stone Soup version bcrawl-1.12-8-g964540c432 (webtiles) character file.

Game seed: 8327852227875497333

56 Roikka the Magician (level 3, 0/28 HPs)
             Began as an Oni Conjurer on June 5, 2019.
             Shot with a stone by a goblin (4 damage)
             ... led by Robin
             ... on level 2 of the Dungeon.
             The game lasted 00:08:08 (2469 turns).

Roikka the Magician (Oni Conjurer)                  Turns: 2469, Time: 00:08:08

Health: 0/28       AC:  3    Str: 11    XL:     3   Next: 95%
Magic:  8/8        EV: 12    Int: 17    God:
Gold:   182        SH:  0    Dex: 11    Spells: 3/6 levels left

rFire    . . .     SeeInvis .   b - +0 mace
rCold    . . .     Gourm    .   (no shield)
rNeg     . . .     Faith    .   a - +0 animal skin
rPois    .         Spirit   .   (helmet restricted)
rElec    .         Reflect  .   (no cloak)
rCorr    .         Harm     .   g - +0 pair of gloves
MR       .....                  (no boots)
Stlth    ++........             (no amulet)
HPRegen  0.09/turn              (no ring)
MPRegen  0.11/turn              (no ring)

@: no status effects
A: oni magic, claws 1, fangs 1, horns 1
a: no special abilities


You were on level 2 of the Dungeon.
You were not hungry.

You visited 1 branch of the dungeon, and saw 2 of its levels.

You collected 182 gold pieces.

Inventory:

Hand Weapons
 b - a +0 mace (weapon)
Armour
 a - a +0 animal skin (worn)
 g - a +0 pair of gloves (worn)
Jewellery
 l - an uncursed ring of see invisible {unknown}
Scrolls
 d - a scroll of immolation {unknown}
 f - a scroll of teleportation {unknown}
 i - 4 scrolls of remove curse {unknown}
 j - 2 scrolls of identify {unknown}
 n - a scroll of magic mapping {unknown}
Potions
 e - a potion of cancellation {unknown}
 k - a potion of resistance {unknown}
 m - a potion of heal wounds {unknown}
Comestibles
 c - 2 rations {!d}
 h - a chunk of flesh


   Skills:
 + Level 1.6 Fighting
 - Level 2.0 Dodging
 - Level 1.7 Stealth
 * Level 2.4 Spellcasting


You had 3 spell levels left.
You knew the following spells:

 Your Spells              Type           Power        Failure   Level  Hunger
a - Magic Dart            Conj           ##..         6%          1    #......
b - Searing Ray           Conj           ##....       9%          2    ##.....

Your spell library contained the following spells:

 Spells                   Type           Power        Failure   Level  Hunger
 Apportation              Tloc           ##....       6%          1    #......
 Iskenderun's Mystic Bla  Conj           ##......     19%         3    ###....
 Fulminant Prism          Conj/Hex       ##........   56%         4    #####..
 Irradiate                Conj/Tmut      ##........   88%         5    ######.


Dungeon Overview and Level Annotations

Branches:
Dungeon (2/12)

Altars:
Dithmenos

Annotations:
D:2 Robin


Innate Abilities, Weirdness & Mutations

You learn spells by gaining experience, not through books or religion.
You only train spellcasting to practice magic.
You have sharp fingernails.
You have very sharp teeth.
You have a pair of small horns on your head.


Message History

Robin roars a battlecry!
The goblins go into a battle-frenzy!
The goblin no longer looks unusually strong.
A goblin opens the door.
Robin roars a battlecry!
The goblins go into a battle-frenzy!
Robin throws the goblin at you!
* * * LOW HITPOINT WARNING * * *
The goblin unwields a +0 hunting sling.
The goblin closely misses you.
There is an open door here.
Robin laughs in a distinctly smug fashion.
The goblin no longer looks unusually strong.
The goblin hits you.
* * * LOW HITPOINT WARNING * * *
The goblin no longer looks unusually strong.
The goblin hits you with a +0 club.
* * * LOW HITPOINT WARNING * * *
The goblin wields a +0 hunting sling.
The goblin shoots a stone.
The stone hits you.
You die...

#...#.########g####### #....
#...#.##.............# ###.##
#..g#.##.#####.#####.#####.....
###.g.#.##.....#g#####...........
.........##.....g...##...........
.........##.....g...##...........
.........##....gg...##......(....
.........'..........##........#..
.........###...(@...##........#..
.###.......#........##........#..
# #.###...#........##........#.#
#.gg..........(..##........#.#
#..##...##.......##........#.#
#... #...##.......##..........#
#..# #... #.......###.......###
#..# #... ##.#'#### ######'##..
#..### #... #.#.#### #.##.#


You could see a hobgoblin and 4 goblins.

Vanquished Creatures
  An ooze (D:2)
  A worm (D:2)
  2 dart slugs (D:1)
  5 leopard geckos
  A ball python (D:1)
  8 bats (D:1)
  A giant cockroach (D:1)
  4 goblins
  6 hobgoblins
  4 kobolds (D:1)
  A quokka (D:1)
  2 frilled lizards (D:1)
  A rat (D:1)
37 creatures vanquished.

Notes
Turn   | Place    | Note
-------+----------+-------------------------------------------
     0 | D:1      | Roikka the Oni Conjurer began the quest for the Orb.
     0 | D:1      | Reached XP level 1. HP: 14/14 MP: 4/4
   424 | D:1      | Reached XP level 2. HP: 20/22 MP: 1/6
  1006 | D:1      | Reached skill level 1 in Fighting
  1015 | D:1      | Learned a level 2 spell: Searing Ray
  1114 | D:1      | Reached XP level 3. HP: 23/28 MP: 1/8
  1750 | D:2      | Found a shadowy altar of Dithmenos.
  2214 | D:2      | Noticed Robin
  2469 | D:2      | Shot with a stone by a goblin

Skill      XL: |  1  2 |
---------------+-------+-----
Dodging        | 2 |  2.0
Fighting       | 1 |  1.6
Spellcasting   | 2 |  2.4
Stealth        | |  1.7

Action                   || total
-------------------------++-------
Melee: Mace              ||    57
       Headbutt          ||     8
       Bite              ||     2
 Cast: Magic Dart        ||    75
 Stab: Sleeping          ||     2
  Eat: Chunk             ||     6
Armor: Animal skin       ||    18
Dodge: Dodged            ||    58
